 Dungeon Crawl Stone Soup version 0.19-a0-1820-gbf060b2 (webtiles) character file.

665 Promi the Shield-Bearer (level 7, -3/53 HPs)
             Began as a Human Berserker on Oct 6, 2016.
             Was a Believer of Trog.
             Slain by Duvessa
             ... wielding a +0 rapier
              (6 damage)
             ... on level 4 of the Dungeon.
             The game lasted 00:10:44 (3688 turns).

Promi the Shield-Bearer (Human Berserker)           Turns: 3688, Time: 00:10:45

Health: -3/53      AC:  7    Str: 19    XL:     7   Next: 88%
Magic:  7/7        EV:  9    Int:  7    God:    Trog [**....]
Gold:   190        SH: 10    Dex: 13    Spells: 0 memorised, 6 levels left

rFire  . . .     SeeInvis .     a - +0 falchion
rCold  . . .     Gourm    .     i - +0 scale mail
rNeg   . . .     Faith    .     q - +0 shield
rPois  .         Spirit   .     (no helmet)
rElec  .         Dismiss  .     j - +0 cloak
rCorr  .         Reflect  .     (no gloves)
MR     ++...     Harm     .     (no boots)
Stlth  ..........               (no amulet)
                                (no ring)
                                (no ring)

@: exhausted, regenerating, slowed, very slow
A: no striking features
a: Berserk, Trog's Hand, Burn Spellbooks, Renounce Religion


You were on level 4 of the Dungeon.
You worshipped Trog.
Trog was pleased with you.
You were not hungry.

You visited 1 branch of the dungeon, and saw 4 of its levels.

You collected 220 gold pieces.
You spent 30 gold pieces at shops.

Inventory:

Hand Weapons
 a - a +0 falchion (weapon)
Armour
 f - a cursed +0 plate armour
 i - a +0 scale mail (worn)
 j - a +0 cloak (worn)
 q - a +0 shield (worn)
Scrolls
 b - 2 scrolls of identify
 d - a scroll of teleportation
 l - 2 scrolls of fear
Comestibles
 c - 3 bread rations
 g - a beef jerky


   Skills:
 - Level 3.7 Fighting
 - Level 4.0 Long Blades
 - Level 3.1 Armour
 - Level 3.1 Dodging
 + Level 6.1 Shields


You had 6 spell levels left.
You didn't know any spells.

Dungeon Overview and Level Annotations

Branches:
Dungeon (4/15)
 Temple: D:4-7

Altars:
Xom
Yredelemnul

Shops:
D:4 (*?(

Annotations:
D:3 Grinder
D:4 Duvessa


Message History

Duvessa hits you with a rapier! x2; You block Duvessa's attack.
Your skin crawls.
You feel resistant to hostile enchantments.
You feel somewhat more hungry. You block Duvessa's attack. x2
You hit Duvessa.
Duvessa is heavily wounded.
Duvessa hits you with a rapier. x2
* * * LOW HITPOINT WARNING * * *
You block Duvessa's attack.
You hit Duvessa but do no damage.
Duvessa is heavily wounded.
You are no longer glowing.
Duvessa hits you with a rapier!
* * * LOW HITPOINT WARNING * * *
Duvessa hits you with a rapier.
* * * LOW HITPOINT WARNING * * *
You aren't carrying any potions.
As you read the scroll of fear, it crumbles to dust.
You assume a fearsome visage.
Duvessa hits you with a rapier.
You die...

###)#####.#.# #.#.......# ## #
#.......#.# #.######### # #
#########.# #####.##### # ##
#####.####.........# ## .##
#..........###.###.#######. ..##
#.###.###..# #.........##.. ...##
#.#.#...#..# #.....###.#...
....###>...##.#).####....###.....
.)..+..........e@......>....∩....
....###..........####....###.....
...## ##..##...#.........###.#...
..## #.####.#######........##..
.## #.# ### ####.#######. ## #.#
#.# ## # #.# #.# ### # #.# #.#
#.. ## #.# #.# #..


You could see Duvessa (berserk).

Vanquished Creatures
  Sigmund (D:4)
  Menkaure (D:4)
  An ice beast (D:4)
  Dowan (D:4)
  A hound (D:4)
  Crazy Yiuf (D:2)
  An iguana (D:4)
  A worker ant (D:4)
  A gnoll (D:1)
  8 adders
  3 worms
  An adder skeleton (D:4)
  2 dart slugs (D:1)
  2 leopard geckos
  2 giant cockroaches
  8 goblins
  2 hobgoblins (D:1)
  10 jackals
  5 kobolds
  2 quokkas
  A ball python (D:1)
  A bat (D:2)
  3 frilled lizards
  A quokka skeleton (D:4)
  5 rats
65 creatures vanquished.

Notes
Turn   | Place    | Note
-------+----------+-------------------------------------------
     0 | D:1      | Promi the Human Berserker began the quest for the Orb.
     0 | D:1      | Reached XP level 1. HP: 18/18 MP: 1/1
   163 | D:1      | Reached XP level 2. HP: 22/24 MP: 2/2
   587 | D:1      | Reached XP level 3. HP: 16/29 MP: 3/3
  1055 | D:2      | Reached ** piety under Trog
  1055 | D:2      | Reached XP level 4. HP: 35/35 MP: 4/4
  1467 | D:2      | Found a runed door.
  1471 | D:2      | Noticed Crazy Yiuf
  1476 | D:2      | Killed Crazy Yiuf
  1476 | D:2      | Reached XP level 5. HP: 41/41 MP: 5/5
  2233 | D:3      | Noticed Grinder
  2300 | D:4      | Found a basalt altar of Yredelemnul.
  2324 | D:4      | Reached skill level 1 in Shields
  2344 | D:4      | Found Miorar's Antique Weapon Emporium.
  2471 | D:4      | Reached XP level 6. HP: 48/48 MP: 6/6
  2473 | D:4      | Reached skill level 2 in Shields
  2510 | D:4      | Found a shimmering altar of Xom.
  2521 | D:4      | Noticed Menkaure
  2529 | D:4      | Killed Menkaure
  2529 | D:4      | Reached skill level 3 in Shields
  2585 | D:4      | Reached skill level 4 in Shields
  2585 | D:4      | Reached XP level 7. HP: 41/53 MP: 7/7
  2692 | D:4      | Found Kapp's Weapon Boutique.
  2732 | D:4      | Noticed Duvessa
  2732 | D:4      | Noticed Dowan
  2754 | D:4      | Found Cydegoud's Assorted Antiques.
  2781 | D:4      | Found Coilim's Magic Scroll Boutique.
  2973 | D:4      | Bought a scroll of teleportation for 30 gold pieces
  3028 | D:4      | Noticed Sigmund
  3060 | D:4      | Killed Sigmund
  3060 | D:4      | Reached skill level 5 in Shields
  3678 | D:4      | Killed Dowan
  3678 | D:4      | Reached skill level 6 in Shields
  3687 | D:4      | HP: 1/53 [Duvessa/rapier (3)]
  3688 | D:4      | Slain by Duvessa

Vault maps used:
D:1:      minmay_arrival_glassed_features
D:2:      minmay_liquid_box, uniq_crazy_yiuf_cottage
D:3:      uniq_jessica, uniq_natasha, uniq_terence, uniq_grinder
D:4:      nicolae_overflow_crystal_walls, serial_shops, shop, shop,
          nicolae_shop_trees, nicolae_shop_behind_doors, shop_coins,
          first_bread, minmay_ruined_shrine, uniq_duvessa, uniq_menkaure,
          uniq_sigmund

Skill      XL: |  1  2  3  4  5  6  7 |
---------------+----------------------+-----
Armour         | 3 |  3.1
Dodging        | 3 |  3.1
Long Blades    | 4 |  4.0
Shields        | 1 4 6 |  6.1
Fighting       | |  3.7

Action                   |  1- 3 |  4- 6 |  7- 9 || total
-------------------------+-------+-------+-------++-------
Melee: Falchion          |    68 |   151 |    72 ||   291
Invok: Berserk           |     3 |     6 |     4 ||    13
       Trog's Hand       |       |     1 |     1 ||     2
  Use: Scroll            |       |     7 |     3 ||    10
       Potion            |       |     4 |       ||     4
  Eat: Chunk             |     3 |    11 |     4 ||    18
       Pizza             |       |     1 |       ||     1
       Bread ration      |       |       |     1 ||     1
Armor: Animal skin       |    11 |       |       ||    11
       Ring mail         |     3 |    47 |       ||    50
       Scale mail        |       |       |    14 ||    14
Dodge: Dodged            |    48 |    78 |    25 ||   151
Block: Shield            |       |    35 |    37 ||    72
       Rpst.: Falchion   |    16 |    21 |     9 ||    46
